 Dungeon Crawl Stone Soup version 0.30-a0-12-gd8047c6341 (webtiles) character file.

Game seed: 11654630949700241754

21 Zeldest the Sneak (level 2, 0/24 HPs)
             Began as a Mummy Delver on Aug 23, 2022.
             Slain by a gnoll
             ... wielding a +0 flail
              (8 damage)
             ... on level 1 of the Dungeon.
             The game lasted 00:01:56 (1274 turns).

Zeldest the Sneak (Mummy Delver)                    Turns: 1274, Time: 00:01:57

Health: 0/24       AC:  4    Str: 15    XL:     2   Next: 65%
Magic:  2/2        EV: 11    Int:  9    God:
Gold:   134        SH:  5    Dex: 13    Spells: 1/1 levels left

rFire   x . .      SeeInvis .    a - +0 hand axe
rCold   + . .      Faith    .    (no shield)
rNeg    + + +      Spirit   .    b - +0 leather armour
rPois   ∞          Reflect  +    (no helmet)
rElec   .          Harm     .    (no cloak)
rCorr   .          Rampage  .    j - +0 pair of gloves
Will    .....                    (no boots)
Stlth   ++........               g - amulet of reflection
HPRegen 0.08/turn                (no ring)
MPRegen 0.08/turn                (no ring)

@: no status effects
A: cold resistance 1, negative energy resistance 3, torment resistance 2, heat
vulnerability 1, no potions
a: no special abilities


You were on level 1 of the Dungeon.
You visited 1 branch of the dungeon, and saw 5 of its levels.

You collected 134 gold pieces.

Inventory:

Hand Weapons
 a - a +0 hand axe (weapon)
Armour
 b - a +0 leather armour (worn)
 j - a +0 pair of gloves (worn)
Jewellery
 g - an amulet of reflection (around neck)
Wands
 f - a wand of digging (3)
Scrolls
 c - a scroll of fog
 d - a scroll of magic mapping
 e - a scroll of fear
 h - 2 scrolls of enchant weapon {unknown}
 i - a scroll of butterflies {unknown}


   Skills:
 + Level 3.2 Fighting
 * Level 2.2 Axes
 - Level 1.5 Dodging
 - Level 4.1 Stealth
 + Level 0.8 Invocations


You had one spell level left.
You didn't know any spells.
Your spell library was empty.

Dungeon Overview and Level Annotations

Branches:
Dungeon (5/15)
 Temple: D:4-7

Altars:


Innate Abilities, Weirdness & Mutations

You are immune to poison.
Your flesh is cold resistant. (rC+)
You are immune to negative energy. (rN+++)
You are immune to unholy pain and torment.
You are vulnerable to heat. (rF-)
You do not drink.


Message History

You hit the endoplasm.
The endoplasm is severely wounded.
The endoplasm hits you but does no damage.
You barely miss the endoplasm.
The endoplasm is severely wounded.
The endoplasm closely misses you.
You hit the endoplasm.
You kill the endoplasm!
Found a ring mail.
No target in view!
A hobgoblin comes into view.
The hobgoblin shouts!
The hobgoblin hits you.
A hobgoblin is nearby!
You slash the hobgoblin!
You kill the hobgoblin!
No target in view!
No target in view!
You see here a hobgoblin corpse.
You now have 134 gold pieces (gained 11).
A gnoll comes into view. It is wielding a +0 flail.
You see here a scroll labelled QOLOAB ZASK.
A gnoll is nearby!
The gnoll shouts!
A gnoll is nearby!
You slash the gnoll!
The gnoll is heavily wounded.
The gnoll hits you with a +0 flail!
You are too injured to fight recklessly!
You are too injured to fight recklessly!
You hit the gnoll but do no damage.
The gnoll is heavily wounded.
You block the gnoll's attack.
You hit the gnoll.
The gnoll is almost dead.
The gnoll hits you with a +0 flail.
You hit the gnoll but do no damage.
The gnoll is almost dead.
The gnoll hits you with a +0 flail!
You die...

###############
#.......#.....#
#.......#.....#
#.......#.....#
#.#
#.............#
...
##...?...@g....#
...
#..............#
...
♣.♣.......######
...##
#.###.....#
....#♣#♣.♣
#.###...
......†..##..#
###.#
....#♣#♣#♣..##
..# .....## ..##
.. ...#..##.#


You could see a gnoll.

Vanquished Creatures
  A bat (D:3)
  2 endoplasms (D:1)
  3 hobgoblins
  3 jackals (D:1)
  3 kobolds
  A quokka (D:1)
  A ball python (D:3)
  A frilled lizard (D:1)
  2 goblins
  A rat (D:3)
18 creatures vanquished.

Vanquished Creatures (others)
  A plant (D:1)
1 creature vanquished.

Grand Total: 19 creatures vanquished

Notes
Turn   | Place    | Note
-------+----------+-------------------------------------------
     0 | D:5      | Zeldest the Mummy Delver began the quest for the Orb.
     0 | D:5      | Reached XP level 1. HP: 18/18 MP: 1/1
    34 | D:5      | Noticed a jelly
   537 | D:1      | Reached XP level 2. HP: 16/24 MP: 2/2
   728 | D:1      | You fall into a shaft and drop 1 floor!
   760 | D:2      | Found a faded altar of an unknown god.
  1274 | D:1      | Slain by a gnoll

Illustrated notes

Levels and vault maps discovered:
D:1:      minmay_arrival_cross, layout_rooms, serial_forest,
          infiniplex_forest_lined_2, infiniplex_forest_clump_small,
          infiniplex_forest_end_1, infiniplex_forest_fountain,
          infiniplex_forest_lined_room_2, infiniplex_forest_split,
          infiniplex_forest_lined_corner
D:2:      layout_basic, hellmonk_ecumenical_altar_pennies_from_heaven
D:3:      layout_rooms
D:4:      layout_loops_ring, mainiacjoe_overflow_alcove_3,
          minmay_temple_entry_statues_pillars, uniq_natasha
D:5:      layout_cave_pods, gammafunk_ghost_icy, uniq_sigmund

Skill      XL: |  1 |
---------------+----+-----
Axes           | 2 |  2.2
Fighting       | |  3.2
Dodging        | |  1.5
Stealth        | |  4.1
Invocations    | |  0.8

Action                   || total
-------------------------++-------
Melee: Hand axe          ||    82
 Stab: Sleeping          ||     1
Armor: Leather armour    ||    24
Dodge: Dodged            ||    54
Block: Other             ||    14

Table legend: (Time is in decaauts)
 A = Elapsed time spent in this place.
 B = Non-inter-level travel time spent in this place.
 C = Inter-level travel time spent in this place.
 D = Time resting spent in this place.
 E = Time spent auto-exploring this place.
 F = Levels seen in this place.
 G = Mean time per level.
                   A        B        C        D        E       F      G
               +--------+--------+--------+--------+--------+-----+--------+
         Total |   1290 |   1281 |      9 |    424 |    426 |   5 |  258.0 |
       Dungeon |   1290 |   1281 |      9 |    424 |    426 |   5 |  258.0 |
               +--------+--------+--------+--------+--------+-----+--------+

Top non-repeatable levels by time:
     D:2: 550 daAuts
     D:1: 485 daAuts
     D:3: 157 daAuts
     D:4: 56 daAuts
     D:5: 40 daAuts
